 Dungeon Crawl Stone Soup version 0.30.1-4-g462c640d31 (webtiles) character file.

Game seed: 3483878341137946616

2109 hawla the Arsonist (level 9, -2/67 HPs)
             Began as a Meteoran Fire Elementalist on Aug 21, 2023.
             Was an Initiate of Vehumet.
             Slain by a killer bee (6 damage)
             ... on level 9 of the Dungeon.
             The game lasted 00:11:59 (2131 turns).

hawla the Arsonist (Meteoran Fire Elementalist)     Turns: 2131, Time: 00:12:00

Health: -2/67      AC:  9    Str:  9    XL:     9   Next: 83%
Magic:  22/22      EV: 18    Int: 23    God:    Vehumet [......]
Gold:   213        SH:  0    Dex: 14    Spells: 18/25 levels left

rFire   + . .        e - +1 whip
rCold   . . .        (no shield)
rNeg    . . .        a - +1 robe
rPois   +            (no helmet)
rElec   .            (no cloak)
rCorr   .            n - +0 pair of gloves
SInv    .            d - +0 pair of boots
Will    +....        (no amulet)
Stlth   +            f - +5 ring of evasion
HPRegen 0.31/turn    j - +4 ring of protection
MPRegen 0.18/turn

%: no passive effects
@: glowing
A: sense surroundings 2, otherworldly, glowing, explore regen, fire resistance
1, poison resistance
a: Renounce Religion


You were on level 9 of the Dungeon.
You worshipped Vehumet.
Vehumet was noncommittal.
You visited 2 branches of the dungeon, and saw 10 of its levels.
You also visited: Sewer.

You collected 213 gold pieces.

Inventory:

Hand Weapons
 e - a +1 whip (weapon)
 l - a +0 quarterstaff
Armour
 a - a +1 robe (worn)
 d - a +0 pair of boots (worn)
 n - a +0 pair of gloves (worn)
Jewellery
 f - a +5 ring of evasion (left hand)
 j - a +4 ring of protection (right hand)
Scrolls
 m - a scroll of vulnerability
 p - 2 scrolls of silence
Potions
 c - 2 potions of curing
 g - 2 potions of cancellation
 h - 4 potions of flight
 k - 2 potions of berserk rage


   Skills:
 + Level 2.3 Fighting
 + Level 2.5 Maces & Flails
 + Level 4.0 Dodging
 - Level 1.4 Stealth
 + Level 8.8 Spellcasting
 + Level 6.5 Conjurations
 + Level 8.9 Fire Magic


You had 18 spell levels left.
You knew the following spells:

 Your Spells              Type           Power      Damage    Failure   Level
a - Foxfire               Conj/Fire      100%       2x1d9     1%          1
b - Scorch                Fire           100%       2d9       1%          2
c - Flame Wave            Conj/Fire      45%        2d12      2%          4

Your spell library contained the following spells:

 Spells                   Type           Power      Damage    Failure   Level
 Inner Flame              Hex/Fire       30%        N/A       3%          3
 Volatile Blastmotes      Fire/Tloc      60%        2d15      3%          3


Dungeon Overview and Level Annotations

Branches:
Dungeon (10/15) Zot: 3771  Temple (1/1) D:4 Zot: 522   Sewer (visited)
   Lair: D:8-11         Orc: D:9-12

Altars:
Ashenzari
Dithmenos
Fedhas
Hepliaklqana
Kikubaaqudgha
Makhleb
Nemelex Xobeh
Okawaru
Sif Muna
Uskayaw
Vehumet
Wu Jian
Xom
Yredelemnul
Zin
The Shining One


Innate Abilities, Weirdness & Mutations

You passively map the area around you.
You are easily found by Zot.
You glow in the dark.
You regain HP and MP as you explore.
Your flesh is heat resistant. (rF+)
Your system is resistant to poisons. (rPois)


Message History

The killer bee is severely wounded.
The wyvern completely misses you. The killer bee closely misses you.
The killer bee misses you. The wyvern bites you.
The killer bee stings you but does no damage.
The killer bee stings you.
* * * LOW HITPOINT WARNING * * *
You are poisoned.
The killer bee poisons you!
Casting: Flame Wave (dangerous; 2% risk of failure)
Confirm with . or Enter, or press ? or * to list all spells.
You conjure some foxfire!
You feel sick.
The killer bee stings you but does no damage.
The killer bee barely misses you. The wyvern closely misses you.
The killer bee completely misses you. The killer bee barely misses you.
You hit the killer bee.
The killer bee is severely wounded.
You feel sick.
The foxfire hits the wyvern.
The wyvern is heavily wounded.
The foxfire hits the wyvern but does no damage.
The wyvern is heavily wounded.
The wyvern barely misses you. The killer bee stings you.
* * * LOW HITPOINT WARNING * * *
The killer bee stings you.
* * * LOW HITPOINT WARNING * * *
You are lethally poisoned!
The killer bee poisons you! The wyvern closely misses you.
The killer bee stings you.
* * * LOW HITPOINT WARNING * * *
The killer bee stings you.
* * * LOW HITPOINT WARNING * * *
It was a potion of curing.
You feel better.
The killer bee stings you but does no damage.
The killer bee misses you. The wyvern closely misses you.
The killer bee completely misses you. The killer bee barely misses you.
Magic courses through your body. The wyvern bites you!
* * * LOW HITPOINT WARNING * * *
The killer bee misses you. The killer bee closely misses you.
The wyvern bites you but does no damage.
The killer bee stings you.
You die...

,,* **,******,,,,,**** *,,,, ,**
*,,* *,,,....,*** *,,,,
*******,** ***,...#..,****,,,,
,,*,,,,,* **.....#,,*,,,,,,
*,,,,********#####..#...,,,,*,,,,
,,,,,,,,,,,,,,†.........,,,,,,,,,
,,,,***########.......#.,,,,,,,,,
,,,,,,,...<...>.y.......,,,,,,,,*
,,,,***######..y@l......,,,,,,,,,
,,,,*,,,.=.<..#††.......,,,,,,,,,
,,,,*,**######..........,,,,,,,,,
,,,,,,,,,,,,............,,,,,,,,,
,,,,*******############.,,,,,,,,,
,,,,* *,,,,,,,,,,, ,,,,*
*,,,,,,,,,,* ***** *,,,,,,,,,,*
*,,,,,,,,,,*


You could see a wyvern and 2 killer bees.

Vanquished Creatures
  Erica (D:9)
  A wraith (D:10)
  Eustachio (D:4)
  Menkaure (D:4)
  An orc warrior (D:10)
  An ogre (D:6)
  A phantom (D:4)
  9 killer bees (D:9)
  A howler monkey (D:9)
  2 hounds (D:5)
  An orc priest (D:10)
  An iguana (D:6)
  3 orc wizards (D:6)
  Robin (D:4)
  3 gnolls
  9 adders
  3 river rats (Sewer)
  A worm (D:3)
  4 orcs
  3 endoplasms
  6 giant cockroaches
  11 goblins
  3 hobgoblins
  3 jackals (Sewer)
  A quokka (D:4)
  8 ball pythons
  6 bats (Sewer)
  2 frilled lizards
  4 kobolds
  2 rats
94 creatures vanquished.

Vanquished Creatures (collateral kills)
  An adder (D:4)
1 creature vanquished.

Vanquished Creatures (others)
  104 foxfires
104 creatures vanquished.

Grand Total: 199 creatures vanquished

Notes
Turn   | Place    | Note
-------+----------+-------------------------------------------
     0 | D:1      | hawla the Meteoran Fire Elementalist began the quest for
                  | the Orb.
     0 | D:1      | Reached XP level 1. HP: 14/14 MP: 5/5
   112 | D:2      | Found a hazy altar of Hepliaklqana.
   137 | D:2      | Reached skill level 1 in Maces & Flails
   253 | D:3      | Reached XP level 2. HP: 20/20 MP: 4/6
   316 | D:3      | Learned a level 2 spell: Scorch
   680 | D:3      | Reached XP level 3. HP: 26/26 MP: 1/8
   680 | D:3      | Found a glowing drain.
   693 | Sewer    | Entered a sewer
   735 | Sewer    | Reached XP level 4. HP: 30/34 MP: 6/9
   855 | Sewer    | Reached XP level 5. HP: 27/39 MP: 1/11
   940 | Sewer    | Reached skill level 1 in Fighting
   945 | Sewer    | Learned a level 4 spell: Flame Wave
  1089 | Sewer    | Glimpsed the power of Zot.
  1255 | D:4      | Gained mutation: Your magical capacity is low. (-10% MP)
                  | [potion of mutation]
  1255 | D:4      | Gained mutation: Your flesh is cold resistant. (rC+)
                  | [potion of mutation]
  1256 | D:4      | Lost mutation: Your magical capacity is low. (-10% MP)
                  | [potion of mutation]
  1256 | D:4      | Lost mutation: Your flesh is cold resistant. (rC+) [potion
                  | of mutation]
  1256 | D:4      | Gained mutation: Your system is resistant to poisons.
                  | (rPois) [potion of mutation]
  1256 | D:4      | Gained mutation: Your flesh is heat resistant. (rF+)
                  | [potion of mutation]
  1276 | D:3      | Reached XP level 6. HP: 23/47 MP: 0/12
  1430 | D:4      | Noticed Eustachio
  1432 | D:4      | Noticed Robin
  1460 | D:4      | Killed Robin
  1490 | D:4      | Killed Eustachio
  1491 | D:4      | Reached skill level 5 in Conjurations
  1491 | D:4      | Reached skill level 5 in Fire Magic
  1491 | D:4      | Reached XP level 7. HP: 41/52 MP: 0/14
  1631 | D:4      | Noticed Menkaure
  1633 | D:4      | Found a staircase to the Ecumenical Temple.
  1640 | D:4      | Killed Menkaure
  1653 | Temple   | Entered the Ecumenical Temple
  1719 | Temple   | Became a worshipper of Vehumet
  1758 | D:5      | Entered Level 5 of the Dungeon
  1803 | D:5      | Reached skill level 5 in Spellcasting
  1803 | D:5      | Reached XP level 8. HP: 59/59 MP: 11/16
  1910 | D:7      | You fall into a shaft and drop 3 floors!
  1910 | D:10     | Entered Level 10 of the Dungeon
  2015 | D:9      | Noticed Erica
  2017 | D:9      | Noticed a wraith
  2023 | D:9      | Killed Erica
  2024 | D:9      | Gained mutation: You passively map the area around you.
                  | [Meteoran growth]
  2024 | D:9      | Reached XP level 9. HP: 39/67 MP: 4/21
  2025 | D:9      | Noticed a hornet
  2129 | D:9      | HP: 3/67 [killer bee (4)]
  2131 | D:9      | Slain by a killer bee

Illustrated notes

Levels and vault maps discovered:
D:1:      mrwooster_arrival_statue_3, layout_loops_ring
D:2:      layout_basic, basic_altar
D:3:      layout_basic, cheibrodos_sewer_entry_drain, uniq_grinder
D:4:      layout_basic, nicolae_overflow_two_pavilions, temple_hall,
          minmay_close_crescents, uniq_menkaure, uniq_robin, uniq_eustachio
D:5:      layout_loops_cross, uniq_crazy_yiuf_cottage
D:6:      minmay_flawed_box, layout_basic, ebering_ghost_rock_garden,
          minivault_22, kennysheep_dice
D:7:      layout_basic, grunt_temple_overflow_cloverleaf
D:9:      layout_rooms, uniq_erica
D:10:     layout_stronghold, lair_entry_dummy, kennysheep_generic_room_5
Temple:   nicolae_temple_x_marks_the_god

Skill      XL: |  1  2  3  4  5  6  7  8  9 |
---------------+----------------------------+-----
Maces & Flails | 1 2 |  2.5
Fire Magic     | 4 5 7 8 |  8.9
Spellcasting   | 3 4 5 7 8 |  8.8
Dodging        | 3 4 |  4.0
Conjurations   | 3 5 6 |  6.5
Fighting       | 1 2 |  2.3
Stealth        | |  1.4

Action                     |  1- 3 |  4- 6 |  7- 9 || total
---------------------------+-------+-------+-------++-------
  Melee: Whip              |    21 |    13 |    11 ||    45
   Cast: Foxfire           |    19 |    35 |     8 ||    62
         Scorch            |     3 |    26 |    22 ||    51
         Flame Wave        |       |     2 |    10 ||    12
    Use: Scroll            |     7 |     7 |     3 ||    17
         Potion            |       |     2 |     2 ||     4
 Armour: Robe              |     9 |    12 |    15 ||    36
  Dodge: Dodged            |    37 |    45 |    64 ||   146
